Map: Prion Terraces

Players

Prezio - Winner!

  • Race: Terran Terran
  • League: Gold

lesha

  • Race: Terran Terran
  • League: Gold

VOD

Have the link to the VOD?

Description

Time

  • Played on: Jan. 14, 2016, 10:48 a.m.
  • Length: 10:51
Show
View Real Time Build Order
Export as new Build Order

Prezio Terran - Winner!

Build Orders: MMM Bio, Banshee Rush 

Get SALT Encoding   

  12  0:01  SCV  
  13  0:13  SCV  
  14  0:18  Supply Depot  
  14  0:25  SCV  
  15  0:40  SCV, Barracks  
  16  0:46  Refinery  
  16  0:52  SCV  
  17  1:04  SCV  
  18  1:16  SCV  
  19  1:21  Refinery  
  19  1:28  Orbital Command  
  19  1:29  Marine  
  20  1:34  Supply Depot  
  20  1:47  Factory  
  20  1:48  Marine  
  21  1:55  SCV  
  22  2:07  Barracks Tech Lab  
  22  2:08  SCV  
  22  2:20  SCV  
  23  2:25  Supply Depot  
  23  2:32  Hellion, Starport  
  23  2:33  Marine  
  26  2:38  SCV  
  27  2:51  Marine  
  28  3:08  Banshee, Cloaking Field  
  31  3:19  Command Center  
  31  3:22  Hellion  
  33  3:27  SCV  
  33  3:28  Barracks Tech Lab  
  34  3:37  Engineering Bay  
  34  3:39  SCV  
  35  3:47  Stimpack  
  35  3:51  SCV  
  35  3:54  Medivac  
  35  3:55  Factory Tech Lab  
  38  4:04  SCV  
  39  4:20  Supply Depot  
  39  4:22  Missile Turret  
  39  4:30  SCV, Siege Tank, Marine  
  44  4:32  Orbital Command  
  44  5:11  Marine  
  44  5:12  Siege Tank  
  44  5:13  Medivac  
  44  5:14  SCV x2  
  49  5:26  SCV x2  
  51  5:28  Terran Infantry Weapons Level 1  
  51  5:29  Barracks, Marine  
  51  5:32  Barracks x2  
  52  5:38  SCV  
  52  5:39  SCV  
  52  5:42  Refinery  
  54  5:46  Supply Depot  
  54  5:47  Marine  
  55  5:50  SCV, Combat Shields  
  55  5:55  SCV  
  57  6:22  SCV x2  
  57  6:25  Barracks Reactor x3  
  59  6:34  Command Center, SCV x2  
  59  6:36  Missile Turret  
  59  6:37  Supply Depot  
  59  6:39  Bunker  
  61  6:42  Refinery  
  51  7:04  Marine x3  
  51  7:05  Marauder  
  55  7:20  Marine  
  55  7:21  Siege Tank, Marine x3  
  55  7:22  Medivac  
  63  7:23  SCV x2  
  63  7:26  Marauder  
  63  7:29  Engineering Bay  
  67  7:30  Armory  
  67  7:34  Marine x2  
  67  7:35  SCV x2, Supply Depot  
  71  7:42  Marine x2  
  73  7:47  SCV, Marauder  
  76  7:51  Medivac, Orbital Command  
  78  8:00  Supply Depot, Marine x3  
  81  8:09  Marauder  
  81  8:12  SCV x2  
  85  8:13  Marine x2  
  87  8:21  Medivac  
  87  8:26  Barracks  
  89  8:30  Marauder  
  91  8:39  SCV x2  
  91  8:40  Orbital Command  
  87  8:52  Marauder  
  87  9:07  Marine x3  
  87  9:08  Siege Tank, Medivac  
  95  9:13  Marauder  
  93  9:48  Marine x2  
  93  9:49  Marauder  
  93  9:50  Siege Tank  
  100  9:56  SCV  
  101  10:04  SCV x2  
  103  10:10  Marine x4  
  103  10:11  Marauder  
  109  10:14  Refinery  
  109  10:15  Supply Depot  
  109  10:16  Refinery  
  109  10:18  Barracks Reactor  
  109  10:19  Supply Depot, Barracks  
Show
View Real Time Build Order
Export as new Build Order

lesha Terran 

Build Orders: Reaper Expand, MMM Bio 

Get SALT Encoding   

  12  0:01  SCV  
  13  0:16  Supply Depot  
  13  0:18  SCV  
  14  0:30  SCV  
  15  0:39  Barracks  
  15  0:42  SCV  
  16  0:46  Refinery  
  16  0:54  SCV  
  17  1:06  SCV  
  18  1:18  SCV  
  19  1:32  Reaper  
  20  1:33  Orbital Command  
  20  1:50  Refinery  
  20  1:56  Command Center  
  20  2:01  SCV  
  21  2:05  Supply Depot  
  21  2:13  Marine  
  22  2:16  SCV  
  23  2:27  Factory  
  23  2:29  SCV  
  24  2:37  Barracks Reactor  
  24  2:41  SCV  
  25  3:00  Barracks  
  25  3:01  SCV  
  25  3:02  Barracks  
  26  3:11  Orbital Command  
  26  3:15  Marine x2  
  26  3:17  Factory Reactor  
  28  3:25  SCV  
  28  3:27  Starport  
  29  3:34  Marine x2  
  29  3:37  SCV  
  29  3:40  SCV  
  33  3:49  SCV  
  33  3:51  Barracks Reactor, Barracks Tech Lab  
  33  3:52  SCV  
  35  3:56  Barracks  
  35  4:01  SCV, Marine  
  37  4:04  SCV  
  38  4:14  Stimpack  
  38  4:15  Marine x2  
  38  4:17  Factory Tech Lab  
  40  4:18  Starport Reactor  
  40  4:21  SCV x2  
  42  4:28  Engineering Bay  
  42  4:33  Supply Depot, SCV x2  
  42  4:36  Marine x2  
  46  4:40  Marine  
  46  4:42  Marine  
  46  4:51  Marauder  
  40  5:27  Missile Turret  
  40  5:29  SCV x2, Missile Turret, Marine x3  
  40  5:30  Barracks Reactor, Marine  
  40  5:31  Medivac  
  40  5:32  Medivac  
  50  5:41  SCV  
  51  5:46  Refinery  
  51  5:48  SCV, Marine  
  51  5:49  Marine  
  54  5:50  Refinery  
  54  5:54  Marine x2  
  54  5:55  SCV  
  57  5:58  Supply Depot  
  57  6:01  Supply Depot  
  57  6:03  Supply Depot  
  57  6:05  Marauder  
  57  6:10  Marine  
  57  6:11  Marine x2  
  62  6:19  SCV x2, Marine  
  65  6:26  Marine x2  
  65  6:27  Marine  
  65  6:28  Medivac, Marine  
  65  6:32  SCV x2  
  73  6:44  Marine x4  
  73  6:45  Marine  
  73  6:46  Marauder  
  80  6:48  Medivac  
  80  6:54  Combat Shields  
  61  7:19  Marine x3  
  61  7:20  Marine x4  
  61  7:21  Medivac  
  61  7:22  Medivac  
  72  7:28  SCV x2  
  74  7:34  Command Center  
  74  7:37  Terran Infantry Weapons Level 1  
  74  7:40  SCV x2  
  76  7:44  Engineering Bay  
  76  7:45  Marine  
  76  7:46  Marine  
  76  7:48  Marine  
  79  7:59  Marine x4  
  79  8:03  Marine  
  84  8:15  SCV x2  
  86  8:20  Terran Infantry Armor Level 1  
  86  8:22  Concussive Shells  
  86  8:29  SCV x2, Marine x5  
  64  8:56  Marine x5  
  64  8:57  Marine x2  
  64  8:59  Widow Mine  
  71  9:09  Medivac  
  58  9:24  Marine x5  
  58  9:25  Marine x2  
  65  9:43  Marauder  
  53  9:55  Marine x5  
  53  9:56  Marine  
  56  10:05  Marauder  
  44  10:20  Marine  
  44  10:21  Marine x5  
  42  10:25  Marine  
Tags
 
Add a new tag
Caveats
  • Supply blocks, unpowered buildings, or Contaminate may cause inaccurate times.
  • Supply counts are checked every 10 seconds.